AoeStats
← Big Toilet Snake

Yucatan

510880230Analyzed
2v2 RM · 19h ago on Oct 2, 2026· 54m 14s· 4 players
Game mode
Random Map
Map size
Medium (4 player)
Population
200
Speed
Normal
Resources
Standard
Victory
Conquest
Starting age
Dark Age
Ending age
Imperial Age
RankedLock teamsTeams togetherTeam positionsShared explorationLock speedFull tech treeHidden civsTurbo modeCheats
Victory
Defeat
🇨🇦 Persians · Canada
904
+45
🇬🇧 Inca · United Kingdom
899
+16
🇦🇷 Teutons · Argentina
916
-16
🇦🇷 Hindustanis · Argentina
891
-16
Big Toilet Snake
1:33 Loom
11:31 Feudal Age
11:51 Double-Bit Axe
17:18 Castle Age
18:34 Wheelbarrow
19:40 Bow Saw
23:56 Forging
25:07 Bloodlines
27:05 Husbandry
28:02 Scale Barding Armor
30:53 Horse Collar
32:32 Heavy Plow
34:46 Ballistics
34:55 Kamandaran
35:33 Gold Mining
36:23 Thumb Ring
35:39 Crossbowman
38:32 Chain Barding Armor
38:50 Iron Casting
38:15 Padded Archer Armor
38:06 Fletching
42:09 Imperial Age
42:49 Conscription
43:15 Plate Barding Armor
43:40 Blast Furnace
43:05 Heavy Camel Rider
45:03 Leather Archer Armor
44:56 Capped Ram
47:08 Pikeman
47:21 Elite War Elephant
WookyB
6:52 Loom
9:12 Feudal Age
10:27 Champi Runner
12:16 Double-Bit Axe
19:40 Castle Age
18:44 Fletching
18:55 Padded Archer Armor
19:15 Gold Mining
20:08 Crossbowman
23:19 Bodkin Arrow
23:39 Leather Archer Armor
27:28 Squires
32:53 Imperial Age
32:54 Capped Ram
32:57 Arbalester
33:55 Thumb Ring
34:23 Siege Ram
39:10 Pikeman
39:51 Squires
41:28 Wheelbarrow
40:30 Halberdier
41:15 Champi Warrior
41:56 Squires
44:21 Hand Cart
44:16 Elite Champi Warrior
45:00 Scale Mail Armor
47:51 Horse Collar
[Vsh]-BilShit™
0:26 Loom
9:43 Feudal Age
22:13 Castle Age
20:27 Horse Collar
20:35 Double-Bit Axe
20:44 Stone Mining
20:50 Gold Mining
23:07 Bloodlines
24:33 Scale Barding Armor
28:32 Forging
29:10 Chain Barding Armor
31:09 Bow Saw
32:32 Wheelbarrow
33:24 Iron Casting
33:35 Arson
35:54 Stone Shaft Mining
40:29 Imperial Age
38:26 Fletching
41:39 Hand Cart
40:46 Cavalier
42:05 Plate Barding Armor
42:16 Scale Mail Armor
44:13 Blast Furnace
43:43 Elite Teutonic Knight
46:56 Chain Mail Armor
47:58 Paladin
54:17 Conscription
bichoTlapone
10:57 Loom
14:39 Feudal Age
15:09 Man-at-Arms
15:35 Arson
16:21 Gold Mining
16:20 Double-Bit Axe
20:36 Scale Mail Armor
20:47 Forging
22:19 Bloodlines
26:14 Castle Age
25:56 Scale Barding Armor
25:54 Padded Archer Armor
26:02 Stone Mining
27:23 Wheelbarrow
27:29 Husbandry
34:24 Light Cavalry
35:18 Horse Collar
37:13 Iron Casting
45:34 Gold Shaft Mining
47:04 Chain Barding Armor
47:01 Heavy Plow
54:00 Grand Trunk Road
Connection lost

Rejoining the realm…

Still unreachable

The connection could not be restored.

Session expired

The server has moved on; the page needs a fresh start.